cohdb
Replays
Latest Replays
All Replays
Popular Replays
Top Player Replays
Match Explorer
How It Works
Community
CoH3 Stats
Reddit
Sign in to upload your games and track your stats! →
Sign in with Steam
Match 41580607
Unlisted
Match 41580607
Overview
Messages
Build Orders
End
Panzerpioneer Squad
250 Light Carrier
250 Light Carrier
Construct Light Support Kompanie
Combat Half-tracks
Assault Grenadier Squad
Construct Mechanized Kompanie
Panzerjäger Mechanized Group
2.5-tonne Medical Truck
Support Armor Elements
StuG III D Assault Gun
Vehicle Survival Package
Emergency Repair Kits
Selects Panzerjäger Kommand Battlegroup
Selects Panzerjäger Kommand Battlegroup
Selects Blockade Equipment
Selects Early Warning
Selects Blockade Equipment
Selects Tank Busters
Selects Crew Shock Tactics
StuG III D Assault Gun
Crew Shock Tactics
Panzerjäger Mechanized Group
StuG III D Assault Gun
254 Reconnaissance Tractor
2.5-tonne Medical Truck
The101stAirBorne ITA
BamboneWertherone ITA
Capibimbambombolilalone ITA
Raiden
ZNMOP
Ashirvad Patel
0
0
Comments
sign in to comment!
No comments posted yet!